 Dungeon Crawl Stone Soup version 0.29.0-4-gdea44cf6ec (webtiles) character file.

Game seed: 495911309571105509

79 qw the Caller (level 4, -3/36 HPs)
             Began as a Ghoul Summoner on Sept 9, 2022.
             Slain by Grinder (8 damage)
             ... on level 3 of the Dungeon.
             The game lasted 00:01:22 (3303 turns).

qw the Caller (Ghoul Summoner)                      Turns: 3303, Time: 00:01:23

Health: -3/36      AC:  7    Str: 13    XL:     4   Next: 37%
Magic:  1/5        EV: 10    Int: 10    God:
Gold:   143        SH:  0    Dex:  9    Spells: 5/6 levels left

rFire   . . .      SeeInvis .   h - +0 hand axe (vamp)
rCold   + . .      Faith    .   (no shield)
rNeg    + + +      Spirit   .   c - +0 ring mail
rPois   inf        Reflect  .   j - +0 helmet
rElec   .          Harm     .   g - +0 cloak
rCorr   .          Rampage  .   (no gloves)
Will    .....                   (no boots)
Stlth   +.........              (no amulet)
HPRegen 0.00/turn               (no ring)
MPRegen 0.09/turn               (no ring)

@: inhibited regen
A: claws 1, cold resistance 1, negative energy resistance 3, inhibited
regeneration, torment resistance 2, devour on kill
a: no special abilities


You were on level 3 of the Dungeon.
You visited 1 branch of the dungeon, and saw 3 of its levels.

You collected 143 gold pieces.


Innate Abilities, Weirdness & Mutations

You are immune to poison.
You have sharp fingernails.
Your flesh is cold resistant. (rC+)
You are immune to negative energy. (rN+++)
You do not regenerate when monsters are visible.
You are immune to unholy pain and torment.
You thrive by killing the living.


   Skills:
 - Level 2.0 Fighting
 + Level 2.9 Axes
 - Level 1.7 Dodging
 - Level 2.1 Stealth
 - Level 1.7 Spellcasting
 - Level 3.6 Summonings


You had 5 spell levels left.
You knew the following spells:

 Your Spells              Type           Power      Damage    Failure   Level
a - Summon Small Mammal   Summ           32%        N/A       16%         1

Your spell library contained the following spells:

 Spells                   Type           Power      Damage    Failure   Level
 Call Imp                 Summ           8%         N/A       24%         2
 Call Canine Familiar     Summ           8%         N/A       43%         3
 Summon Guardian Golem    Hex/Summ       4%         N/A       71%         3
 Summon Lightning Spire   Summ/Air       4%         N/A       98%         4

Inventory:

Hand Weapons
 h - a +0 vampiric hand axe (weapon)
 m - a +0 whip
Armour
 c - a +0 ring mail (worn)
 d - a +0 chain mail
 g - a +0 cloak (worn)
 j - a +0 helmet (worn)
Scrolls
 a - a scroll of identify
 b - a scroll of blinking {unknown}
 k - a scroll of brand weapon
Potions
 e - a potion of might
 f - a potion of curing {unknown}
 i - 2 potions of lignification {unknown}
 l - a potion of degeneration {unknown}
 n - a potion of ambrosia {unknown}

Dungeon Overview and Level Annotations

Branches:
Dungeon (3/15)

Altars:

Annotations:
D:3 Grinder


Message History

Your bat hits Grinder but does no damage.
Grinder hits you.
You hit Grinder but do no damage.
Grinder is severely wounded.
Grinder closely misses you.
Your bat barely misses Grinder.
Grinder closely misses you.
You closely miss Grinder.
Grinder is heavily wounded.
Your bat hits Grinder but does no damage. x2
Grinder hits your bat!
Your bat dies!
Your bat's corpse disappears in a puff of smoke!
Grinder shouts!
You hit Grinder.
Grinder is severely wounded.
Grinder gestures at you. You resist with significant effort.
You closely miss Grinder.
Grinder is severely wounded.
Grinder closely misses you.
You barely miss Grinder.
Grinder is severely wounded.
Grinder misses you.
Your magical contamination has completely faded away.
You closely miss Grinder.
Grinder is severely wounded.
Grinder hits you.
You closely miss Grinder.
Grinder is severely wounded.
Grinder hits you but does no damage.
You closely miss Grinder.
Grinder is severely wounded.
Grinder hits you but does no damage.
You hit Grinder.
Grinder is severely wounded.
Grinder hits you. Grinder hits you!
You barely miss Grinder.
Grinder is severely wounded.
Grinder hits you!
You die...

#.# ### #.. ..# #.###
###.# #.#.. ..#.# #.#.#
#.#.# #.#.# #.#.# . #.#.#
#.#.# ...
######)#.#####.#.####.....
#.)....)........@.........
..)....#.#####.#5####.....
..######.#####.#.# ... .##
#.#.....#.# .
########.###.###.#
)..[......#.....##
#######.#..........
.................
#####............


You could see Grinder.

Vanquished Creatures
  Robin (D:2)
  A worm (D:2)
  5 orcs (D:3)
  5 ball pythons
  4 endoplasms
  10 goblins
  6 hobgoblins
  A quokka (D:3)
  5 bats
  A frilled lizard (D:1)
  3 kobolds
42 creatures vanquished.

Vanquished Creatures (collateral kills)
  6 goblins
  2 ball pythons (D:1)
  2 frilled lizards
  A kobold (D:2)
  2 rats
13 creatures vanquished.

Grand Total: 55 creatures vanquished

Notes
Turn   | Place    | Note
-------+----------+-------------------------------------------
     0 | D:1      | qw the Ghoul Summoner began the quest for the Orb.
     0 | D:1      | Reached XP level 1. HP: 14/14 MP: 2/2
     0 | D:1      | 0 ||| qw: Version: 0.1-a-113-g051387a
     0 | D:1      | 0 ||| qw: Game counter: 7019
     0 | D:1      | 0 ||| qw: Always use a shield: true
     0 | D:1      | 0 ||| qw: God list: Okawaru
     0 | D:1      | 0 ||| qw: Allow faded altars: false
     0 | D:1      | 0 ||| qw: Do Orc after D:15 true
     0 | D:1      | 0 ||| qw: Do second Lair branch before Depths: true
     0 | D:1      | 0 ||| qw: Lair rune preference: random
     0 | D:1      | 0 ||| qw: Plans: Normal
     0 | D:1      | 0 ||| PLANNING D:1-11
    13 | D:1      | 13 ||| Wielding weapon +0 spear.
    21 | D:1      | 21 ||| CASTING Summon Small Mammal
    22 | D:1      | 22 ||| CASTING Summon Small Mammal
   103 | D:1      | 103 ||| CASTING Summon Small Mammal
   104 | D:1      | 104 ||| CASTING Summon Small Mammal
   114 | D:1      | Reached skill level 1 in Axes
   144 | D:1      | 144 ||| CASTING Summon Small Mammal
   145 | D:1      | 145 ||| CASTING Summon Small Mammal
   178 | D:1      | 178 ||| CASTING Summon Small Mammal
   179 | D:1      | 179 ||| CASTING Summon Small Mammal
   218 | D:1      | 218 ||| CASTING Summon Small Mammal
   219 | D:1      | 219 ||| CASTING Summon Small Mammal
   225 | D:1      | Reached skill level 1 in Fighting
   225 | D:1      | Reached XP level 2. HP: 19/23 MP: 0/3
   306 | D:1      | 306 ||| CASTING Summon Small Mammal
   307 | D:1      | 307 ||| CASTING Summon Small Mammal
   308 | D:1      | 308 ||| CASTING Summon Small Mammal
   400 | D:1      | 400 ||| CASTING Summon Small Mammal
   401 | D:1      | 401 ||| CASTING Summon Small Mammal
   402 | D:1      | 402 ||| CASTING Summon Small Mammal
   439 | D:1      | 439 ||| CASTING Summon Small Mammal
   440 | D:1      | 440 ||| CASTING Summon Small Mammal
   441 | D:1      | 441 ||| CASTING Summon Small Mammal
   479 | D:1      | 479 ||| CASTING Summon Small Mammal
   480 | D:1      | 480 ||| CASTING Summon Small Mammal
   481 | D:1      | 481 ||| CASTING Summon Small Mammal
   527 | D:1      | 527 ||| CASTING Summon Small Mammal
   528 | D:1      | 528 ||| CASTING Summon Small Mammal
   529 | D:1      | 529 ||| CASTING Summon Small Mammal
   595 | D:1      | 595 ||| CASTING Summon Small Mammal
   596 | D:1      | 596 ||| CASTING Summon Small Mammal
   597 | D:1      | 597 ||| CASTING Summon Small Mammal
   645 | D:1      | 645 ||| CASTING Summon Small Mammal
   646 | D:1      | 646 ||| CASTING Summon Small Mammal
   647 | D:1      | 647 ||| CASTING Summon Small Mammal
   686 | D:1      | 686 ||| CASTING Summon Small Mammal
   687 | D:1      | 687 ||| CASTING Summon Small Mammal
   688 | D:1      | 688 ||| CASTING Summon Small Mammal
   725 | D:1      | 725 ||| CASTING Summon Small Mammal
   726 | D:1      | 726 ||| CASTING Summon Small Mammal
   727 | D:1      | 727 ||| CASTING Summon Small Mammal
   786 | D:1      | 786 ||| CASTING Summon Small Mammal
   787 | D:1      | 787 ||| CASTING Summon Small Mammal
   788 | D:1      | 788 ||| CASTING Summon Small Mammal
   830 | D:1      | 830 ||| SWAPPING to +0 hand axe.
   831 | D:1      | 831 ||| DROPPING +0 spear.
   941 | D:1      | 941 ||| DROPPING +0 club.
   969 | D:1      | 969 ||| CASTING Summon Small Mammal
   970 | D:1      | 970 ||| CASTING Summon Small Mammal
   971 | D:1      | 971 ||| CASTING Summon Small Mammal
  1096 | D:1      | 1096 ||| CASTING Summon Small Mammal
  1152 | D:1      | 1152 ||| CASTING Summon Small Mammal
  1153 | D:1      | 1153 ||| CASTING Summon Small Mammal
  1154 | D:1      | 1154 ||| CASTING Summon Small Mammal
  1167 | D:1      | Reached XP level 3. HP: 25/28 MP: 1/4
  1212 | D:1      | 1212 ||| UPGRADING to +0 ring mail.
  1222 | D:1      | 1222 ||| DROPPING +0 robe.
  1223 | D:1      | 1223 ||| READING 3 scrolls labelled JYB DYETEGU.
  1224 | D:1      | 1224 ||| READING 2 scrolls of brand weapon.
  1224 | D:1      | 1224 ||| BRANDING +0 hand axe of freezing.
  1225 | D:1      | 1225 ||| READING scroll labelled CURONW MOCI.
  1226 | D:1      | 1226 ||| READING scroll labelled QYNIOPL QOINEN.
  1227 | D:1      | 1227 ||| READING scroll labelled CIAZEMNEVYU.
  1228 | D:1      | 1228 ||| READING scroll labelled LIULEUKLODD.
  1231 | D:1      | 1231 ||| DROPPING potion of magic.
  1256 | D:2      | Found a faded altar of an unknown god.
  1282 | D:2      | 1282 ||| CASTING Summon Small Mammal
  1283 | D:2      | 1283 ||| CASTING Summon Small Mammal
  1284 | D:2      | 1284 ||| CASTING Summon Small Mammal
  1285 | D:2      | 1285 ||| CASTING Summon Small Mammal
  1293 | D:2      | 1293 ||| CASTING Summon Small Mammal
  1521 | D:2      | 1521 ||| CASTING Summon Small Mammal
  1522 | D:2      | 1522 ||| CASTING Summon Small Mammal
  1523 | D:2      | 1523 ||| CASTING Summon Small Mammal
  1524 | D:2      | 1524 ||| CASTING Summon Small Mammal
  1591 | D:2      | 1591 ||| CASTING Summon Small Mammal
  1592 | D:2      | 1592 ||| CASTING Summon Small Mammal
  1593 | D:2      | 1593 ||| CASTING Summon Small Mammal
  1594 | D:2      | 1594 ||| CASTING Summon Small Mammal
  1653 | D:2      | 1653 ||| Stepping ~*~*~tactically~*~*~ (stealth).
  1654 | D:2      | 1654 ||| CASTING Summon Small Mammal
  1685 | D:2      | 1685 ||| CASTING Summon Small Mammal
  1686 | D:2      | 1686 ||| CASTING Summon Small Mammal
  1687 | D:2      | 1687 ||| CASTING Summon Small Mammal
  1688 | D:2      | 1688 ||| CASTING Summon Small Mammal
  1730 | D:2      | 1730 ||| CASTING Summon Small Mammal
  1731 | D:2      | 1731 ||| CASTING Summon Small Mammal
  1732 | D:2      | 1732 ||| CASTING Summon Small Mammal
  1733 | D:2      | 1733 ||| CASTING Summon Small Mammal
  1766 | D:2      | 1766 ||| Stepping ~*~*~tactically~*~*~ (stealth).
  1776 | D:2      | 1776 ||| CASTING Summon Small Mammal
  1777 | D:2      | 1777 ||| CASTING Summon Small Mammal
  1778 | D:2      | 1778 ||| CASTING Summon Small Mammal
  1912 | D:2      | 1912 ||| CASTING Summon Small Mammal
  1913 | D:2      | 1913 ||| CASTING Summon Small Mammal
  1914 | D:2      | 1914 ||| CASTING Summon Small Mammal
  1915 | D:2      | 1915 ||| CASTING Summon Small Mammal
  1984 | D:2      | 1984 ||| CASTING Summon Small Mammal
  1985 | D:2      | 1985 ||| CASTING Summon Small Mammal
  1986 | D:2      | 1986 ||| CASTING Summon Small Mammal
  1987 | D:2      | 1987 ||| CASTING Summon Small Mammal
  2029 | D:2      | Noticed Robin
  2030 | D:2      | 2030 ||| Stepping ~*~*~tactically~*~*~ (stealth).
  2031 | D:2      | 2031 ||| CASTING Summon Small Mammal
  2032 | D:2      | 2032 ||| CASTING Summon Small Mammal
  2033 | D:2      | 2033 ||| Stepping ~*~*~tactically~*~*~ (hiding).
  2034 | D:2      | 2034 ||| CASTING Summon Small Mammal
  2037 | D:2      | 2037 ||| CASTING Summon Small Mammal
  2048 | D:2      | Killed Robin
  2138 | D:2      | 2138 ||| CASTING Summon Small Mammal
  2139 | D:2      | 2139 ||| CASTING Summon Small Mammal
  2145 | D:2      | Reached XP level 4. HP: 36/36 MP: 2/5
  2145 | D:2      | 2145 ||| CASTING Summon Small Mammal
  2146 | D:2      | 2146 ||| CASTING Summon Small Mammal
  2371 | D:2      | 2371 ||| CASTING Summon Small Mammal
  2372 | D:2      | 2372 ||| CASTING Summon Small Mammal
  2373 | D:2      | 2373 ||| CASTING Summon Small Mammal
  2374 | D:2      | 2374 ||| CASTING Summon Small Mammal
  2375 | D:2      | 2375 ||| CASTING Summon Small Mammal
  2435 | D:2      | 2435 ||| CASTING Summon Small Mammal
  2436 | D:2      | 2436 ||| CASTING Summon Small Mammal
  2437 | D:2      | 2437 ||| CASTING Summon Small Mammal
  2753 | D:2      | 2753 ||| CASTING Summon Small Mammal
  2795 | D:2      | 2795 ||| UPGRADING to +0 cloak.
  2800 | D:2      | 2800 ||| UPGRADING to +0 helmet.
  2805 | D:2      | 2805 ||| READING 3 scrolls labelled QEAMYH AMO SAX.
  2806 | D:2      | 2806 ||| READING scroll labelled KULUPH GAEM.
  2807 | D:2      | 2807 ||| DRINKING 2 metallic emerald potions.
  2808 | D:2      | 2808 ||| READING 2 scrolls of identify.
  2808 | D:2      | 2808 ||| IDENTIFYING amethyst potion
  2809 | D:2      | 2809 ||| DROPPING 2 scrolls of vulnerability.
  2810 | D:2      | 2810 ||| DROPPING potion of flight.
  2858 | D:3      | 2858 ||| CASTING Summon Small Mammal
  2859 | D:3      | 2859 ||| CASTING Summon Small Mammal
  2929 | D:3      | 2929 ||| Stepping ~*~*~tactically~*~*~ (stealth).
  2931 | D:3      | 2931 ||| CASTING Summon Small Mammal
  2989 | D:3      | 2989 ||| CASTING Summon Small Mammal
  2990 | D:3      | 2990 ||| CASTING Summon Small Mammal
  2991 | D:3      | 2991 ||| CASTING Summon Small Mammal
  2992 | D:3      | 2992 ||| CASTING Summon Small Mammal
  2993 | D:3      | 2993 ||| CASTING Summon Small Mammal
  3104 | D:3      | 3104 ||| CASTING Summon Small Mammal
  3105 | D:3      | 3105 ||| CASTING Summon Small Mammal
  3106 | D:3      | 3106 ||| CASTING Summon Small Mammal
  3107 | D:3      | 3107 ||| CASTING Summon Small Mammal
  3108 | D:3      | 3108 ||| CASTING Summon Small Mammal
  3165 | D:3      | 3165 ||| CASTING Summon Small Mammal
  3167 | D:3      | 3167 ||| CASTING Summon Small Mammal
  3168 | D:3      | 3168 ||| CASTING Summon Small Mammal
  3169 | D:3      | 3169 ||| CASTING Summon Small Mammal
  3170 | D:3      | 3170 ||| Stepping ~*~*~tactically~*~*~ (stealth).
  3171 | D:3      | 3171 ||| CASTING Summon Small Mammal
  3176 | D:3      | 3176 ||| CASTING Summon Small Mammal
  3248 | D:3      | Noticed Grinder
  3249 | D:3      | 3249 ||| Stepping ~*~*~tactically~*~*~ (hiding).
  3254 | D:3      | 3254 ||| CASTING Summon Small Mammal
  3256 | D:3      | 3256 ||| CASTING Summon Small Mammal
  3261 | D:3      | 3261 ||| CASTING Summon Small Mammal
  3264 | D:3      | 3264 ||| CASTING Summon Small Mammal
  3266 | D:3      | 3266 ||| CASTING Summon Small Mammal
  3268 | D:3      | 3268 ||| CASTING Summon Small Mammal
  3273 | D:3      | 3273 ||| Stepping ~*~*~tactically~*~*~ (hiding).
  3274 | D:3      | 3274 ||| Stepping ~*~*~tactically~*~*~ (hiding).
  3279 | D:3      | 3279 ||| CASTING Summon Small Mammal
  3289 | D:3      | Paralysed by Grinder for 2 turns
  3292 | D:3      | 3292 ||| CASTING Summon Small Mammal
  3302 | D:3      | HP: 5/36 [Grinder (7)]
  3303 | D:3      | Slain by Grinder

Levels and vault maps discovered:
D:1:      dpeg_arrival_tiny_h, layout_basic, minmay_pentomino_t2
D:2:      layout_loops_corners, basic_altar, nicolae_ecumenical_pavilion,
          roderic_lattice_a, uniq_robin
D:3:      layout_basic, hangedman_ru_absence, uniq_grinder, uniq_terence

Skill      XL: |  1  2  3 |
---------------+----------+-----
Axes           | 1 2 |  2.9
Fighting       | 1 2 |  2.0
Dodging        | |  1.7
Stealth        | |  2.1
Spellcasting   | |  1.7
Summonings     | |  3.6

Action                   |  1- 3 |  4- 6 || total
-------------------------+-------+-------++-------
Melee: Spear             |    30 |       ||    30
       Hand axe          |    53 |    75 ||   128
 Cast: Summon Small Mamm |    76 |    28 ||   104
  Use: Scroll            |     6 |     3 ||     9
       Potion            |       |     1 ||     1
 Stab: Sleeping          |     1 |       ||     1
Armor: Robe              |     5 |       ||     5
       Ring mail         |     5 |    31 ||    36
Dodge: Dodged            |    33 |    30 ||    63

Table legend:
 A = Non-vault XP
 B = Vault XP
 C = Vault XP percentage of total XP
 D = Non-vault monster count
 E = Vault monster count
 F = Vault count percentage of total count
                 A         B        C        D         E       F
            +---------+---------+-------+---------+---------+-------
      Total |      86 |      27 |  23.9 |      47 |       8 |  14.5
            +---------+---------+-------+---------+---------+-------
        D:1 |      34 |       2 |   5.6 |      21 |       1 |   4.5
        D:2 |      30 |      25 |  45.5 |      16 |       7 |  30.4
        D:3 |      22 |       0 |   0.0 |      10 |       0 |   0.0
            +---------+---------+-------+---------+---------+-------
